 Dungeon Crawl Stone Soup version 0.29-a0-643-ga013cefcf8 (webtiles) character file.

Game seed: 2377148440287220580

2569 DocClef the Carver (level 9, -1/58 (62) HPs)
             Began as a Tengu Fighter on June 19, 2022.
             Slain by a wight
             ... wielding a +1 falchion of freezing
              (7 damage)
             ... on level 7 of the Dungeon.
             The game lasted 00:06:58 (7738 turns).

DocClef the Carver (Tengu Fighter)                  Turns: 7738, Time: 00:06:58

HP:   -1/58 (62)    AC:  8    Str: 20    XL:     9   Next: 57%
MP:   10/10         EV: 16    Int:  8    God:
Gold: 263           SH:  5    Dex: 19    Spells: 8/8 levels left

rFire   . . .      SeeInvis .   g - +1 long sword (holy)
rCold   . . .      Faith    .   c - +0 buckler
rNeg    . . .      Spirit   .   y - +0 steam dragon scales
rPois   .          Reflect  .   (helmet restricted)
rElec   .          Harm     .   (no cloak)
rCorr   .          Rampage  .   t - +0 pair of gloves
Will    .....                   (boots unavailable)
Stlth   +++.......              (no amulet)
HPRegen 0.19/turn               w - +4 ring of evasion
MPRegen 0.12/turn               (no ring)

@: mighty, lethally poisoned (-1 -> -7), flying quickly and evasively, hasted,
drained, very quick
A: beak, talons 3, nimble flight, iridescent scales 1, thin skeletal structure
1, strong 1
a: no special abilities


You were on level 7 of the Dungeon.
You visited 1 branch of the dungeon, and saw 8 of its levels.
You also visited: Sewer.

You collected 263 gold pieces.

Inventory:

Hand Weapons
 g - a +1 long sword of holy wrath (weapon)
Missiles
 A - a throwing net (quivered)
Armour
 b - a +0 scale mail
 c - a +0 buckler (worn)
 t - a +0 pair of gloves (worn)
 y - +0 steam dragon scales (worn)
Jewellery
 w - a +4 ring of evasion (left hand)
Wands
 j - a wand of mindburst (8)
Scrolls
 h - 3 scrolls of identify
 k - 3 scrolls of teleportation {unknown}
 q - a scroll of blinking {unknown}
 r - a scroll of amnesia {unknown}
 u - a scroll of immolation {unknown}
 x - a scroll of noise {unknown}
 B - a scroll of fear {unknown}
Potions
 d - 2 potions of might
 i - a potion of resistance
 l - a potion of lignification
 m - 2 potions of mutation
 n - a potion of invisibility {unknown}
 o - a potion of brilliance {unknown}
 p - 4 potions of flight {unknown}
 s - 3 potions of curing {unknown}
 v - a potion of degeneration {unknown}
 z - a potion of berserk rage {unknown}


   Skills:
 + Level 10.1 Fighting
 + Level 12.6 Long Blades
 - Level 3.2 Armour
 - Level 3.0 Shields


You had 8 spell levels left.
You didn't know any spells.
Your spell library contained the following spells:

 Spells                   Type           Power      Damage    Failure   Level
 Shock                    Conj/Air       0%         1d3       50%         1
 Ensorcelled Hibernation  Hex/Ice        0%         N/A       65%         2
 Spider Form              Tmut/Pois      0%         N/A       86%         3
 Swiftness                Air            0%         N/A       86%         3
 Airstrike                Air            0%         N/A       99%         4
 Anguish                  Hex/Necr       0%         N/A       99%         4


Dungeon Overview and Level Annotations

Branches:
Dungeon (8/15)              Sewer (visited)
 Temple: D:4-7         Lair: D:8-11

Altars:
Cheibriados
Xom
Zin

Shops:
D:3 (   D:5 *

Annotations:
D:3 3 runed translucent doors, xian's ghost, weakling DrFi


Innate Abilities, Weirdness & Mutations

You have a beak for a mouth.
You have claws for feet.
Your magical nature lets you fly swiftly and evasively.
You are partially covered in iridescent scales. (AC +2)
You have a somewhat thin skeletal structure. (Dex +2, Stealth+)
Your muscles are strong. (Str +4, Int/Dex-1)


Message History

* * * LOW HITPOINT WARNING * * *
The killer bee barely misses you.
Found a fuming dark potion.
You block the killer bee's attack.
You closely miss the killer bee. Your kick misses the killer bee.
You peck the killer bee.
The killer bee is moderately wounded.
The killer bee stings you.
* * * LOW HITPOINT WARNING * * *
You feel much better. The killer bee closely misses you.
You block the killer bee's attack.
You feel very mighty all of a sudden. The killer bee misses you.
You block the killer bee's attack. You block the wight's attack.
The orc misses you.
You barely miss the wight. You claw the wight, but do no damage.
The wight is lightly damaged.
A killer bee comes into view.
The killer bee stings you!
You are poisoned.
The killer bee poisons you! The killer bee barely misses you.
The wight hits you with a +1 falchion of freezing!
* * * LOW HITPOINT WARNING * * *
You feel drained. The wight freezes you.
* * * LOW HITPOINT WARNING * * *
You block the orc's attack.
It was a potion of mutation.
You feel extremely strange.
You feel stronger.
Your bones become slightly less dense.
Iridescent scales grow over part of your body.
You feel very sick. You block the killer bee's attack.
The killer bee stings you but does no damage.
The wight misses you.
The orc hits you from afar with a +0 trident.
* * * LOW HITPOINT WARNING * * *
It was a potion of haste.
You feel yourself speed up.
* * * LOW HITPOINT WARNING * * *
You feel sick. The killer bee closely misses you.
A killer bee comes into view.
You block the killer bee's attack.
The wight hits you with a +1 falchion of freezing!
You die...

##+###..####..# ...
..........##..# #y..
..........!...###..y.
##.............#.....
###.......#.........
####....>.##yy####..
#.........##o##
#.....#...#yz#
#..........@.#
##..#........#
#####....#...#
#.........#
###.[.......
#.........
#....##...# ###..#
.!## #.#


You could see 4 killer bees, a wight and an orc.

Vanquished Creatures
  2 steam dragons (D:6)
  2 water moccasins
  A black bear (D:5)
  An ice beast (D:5)
  A centaur (D:6)
  A phantom (D:4)
  5 kobold brigands
  2 scorpions
  3 wights (D:7)
  A howler monkey (D:6)
  7 hounds
  3 orc priests (D:6)
  3 jellies
  A gnoll shaman (D:5)
  2 iguanas
  6 orc wizards
  12 adders
  10 gnolls
  4 river rats (Sewer)
  4 ufetubi
  3 worms (D:2)
  A dart slug (D:2)
  32 orcs
  7 ball pythons
  6 endoplasms
  4 giant cockroaches
  4 goblins
  8 hobgoblins
  3 jackals (D:2)
  4 quokkas
  2 bats
  3 frilled lizards
  20 kobolds
  26 rats
194 creatures vanquished.

Vanquished Creatures (others)
  15 plants (D:5)
15 creatures vanquished.

Grand Total: 209 creatures vanquished

Notes
Turn   | Place    | Note
-------+----------+-------------------------------------------
     0 | D:1      | DocClef the Tengu Fighter began the quest for the Orb.
     0 | D:1      | Reached XP level 1. HP: 14/14 MP: 2/2
   335 | D:1      | Reached XP level 2. HP: 17/19 MP: 3/3
   687 | D:1      | HP: 1/20 [adder (1)]
  1096 | D:2      | Reached XP level 3. HP: 16/24 MP: 4/4
  1208 | D:2      | Found a faded altar of an unknown god.
  1632 | D:2      | Reached XP level 4. HP: 24/30 MP: 5/5
  2080 | D:3      | Reached skill level 12 in Long Blades
  2080 | D:3      | Gained mutation: Your magical nature lets you fly swiftly
                  | and evasively. [Tengu growth]
  2080 | D:3      | Reached XP level 5. HP: 34/34 MP: 6/6
  2131 | D:3      | Reached skill level 5 in Fighting
  2475 | D:3      | Found Gulumigg's Weapon Shop.
  2616 | D:3      | Found a glowing drain.
  2632 | Sewer    | Entered a sewer
  2675 | Sewer    | Noticed a kobold brigand
  2686 | Sewer    | Killed a kobold brigand
  2687 | Sewer    | Reached XP level 6. HP: 30/40 MP: 7/7
  3245 | Sewer    | Reached XP level 7. HP: 31/46 MP: 8/8
  3801 | D:3      | Found a runed translucent gate.
  3801 | D:3      | Found a runed translucent gate.
  3812 | D:3      | Found a runed translucent gate.
  3815 | D:3      | Noticed xian's ghost (weakling DrFi)
  3982 | D:4      | Found a shimmering altar of Xom.
  3986 | D:4      | Found a glowing silver altar of Zin.
  3991 | D:4      | Found a snail-covered altar of Cheibriados.
  4702 | D:5      | Entered Level 5 of the Dungeon
  4752 | D:5      | Reached XP level 8. HP: 37/53 MP: 9/9
  6223 | D:5      | Found Tauhuv's Assorted Antiques.
  6705 | D:6      | Reached XP level 9. HP: 54/60 MP: 10/10
  7264 | D:6      | Reached skill level 10 in Fighting
  7737 | D:7      | Gained mutation: Your muscles are strong. (Str +4,
                  | Int/Dex-1) [potion of mutation]
  7737 | D:7      | Gained mutation: You have a somewhat thin skeletal
                  | structure. (Dex +2, Stealth+) [potion of mutation]
  7737 | D:7      | Gained mutation: You are partially covered in iridescent
                  | scales. (AC +2) [potion of mutation]
  7738 | D:7      | Slain by a wight

Illustrated notes

Levels and vault maps discovered:
D:1:      minmay_arrival_four_houses, layout_loops_cross, minmay_liquid_box,
          lemuel_old_faithful
D:2:      layout_basic, hellmonk_ecumenical_altar_slurped_away
D:3:      layout_loops_ring, serial_shops, nicolae_shop_statue_plus,
          cheibrodos_sewer_entry_drain, ebering_ghost_rock_garden
D:4:      layout_basic, grunt_temple_overflow_diamond
D:5:      layout_loops_corners, serial_shops, shop, chequers_big_river
D:6:      layout_loops_ring, minmay_circle_x
D:7:      layout_cave_pools, minmay_temple_entry_hall, uniq_prince_ribbit1
D:8:      minmay_the_grid_octo_triangle [minmay_the_grid_octo_checkerflower,
          minmay_the_grid_octo_prize_big_c, minmay_the_grid_octo_teeth],
          layout_layer_cave, minmay_checkerbox

Skill      XL: |  1  2  3  4  5  6  7  8  9 |
---------------+----------------------------+-----
Fighting       | 4 5 6 7 9 10 | 10.1
Long Blades    | 12 | 12.6
Armour         | |  3.2
Shields        | |  3.0

Action                   |  1- 3 |  4- 6 |  7- 9 || total
-------------------------+-------+-------+-------++-------
Melee: Long sword        |    58 |   143 |   274 ||   475
       Kick              |    16 |    36 |    80 ||   132
       Peck              |     6 |    16 |    62 ||    84
  Use: Scroll            |       |     6 |       ||     6
       Potion            |       |     1 |     4 ||     5
 Stab: Sleeping          |       |       |     1 ||     1
Armor: Scale mail        |    26 |    53 |    58 ||   137
       Steam dragon scal |       |       |    16 ||    16
Dodge: Dodged            |    22 |    56 |   130 ||   208
Block: Buckler           |    15 |    34 |    55 ||   104

Table legend: (Time is in decaauts)
 A = Elapsed time spent in this place.
 B = Non-inter-level travel time spent in this place.
 C = Inter-level travel time spent in this place.
 D = Time resting spent in this place.
 E = Time spent auto-exploring this place.
 F = Levels seen in this place.
 G = Mean time per level.
                   A        B        C        D        E       F      G
               +--------+--------+--------+--------+--------+-----+--------+
         Total |   7394 |   7139 |    255 |   1126 |   4996 |   9 |  821.6 |
       Dungeon |   6411 |   6156 |    255 |   1126 |   4189 |   8 |  801.4 |
         Sewer |    983 |    983 |      0 |      0 |    806 |   1 |  983.0 |
               +--------+--------+--------+--------+--------+-----+--------+

Top non-repeatable levels by time:
     D:5: 1564 daAuts
     D:6: 1078 daAuts
     D:1: 1073 daAuts
     D:2: 1067 daAuts
   Sewer: 983 daAuts
     D:4: 933 daAuts
     D:3: 644 daAuts
     D:7: 47 daAuts
     D:8: 1 daAuts
